Unix NetHack Version 3.7.0-64 Work-in-progress - last build Sep 20 2022 23:52:18 (2efdc47de06bbc12dbc956ebf73d51181633095d,branch:master). Game began 2022-09-22 20:40:15, ended 2022-09-23 06:25:31. adinthrae, lawful female human Valkyrie ----- ------- |...------ --|$$$$$| |........| |.-$$$$$| |........| |-|$$$[.|-- -------.---- |?-$$$%.-.| |.0..0....-- |-|$$$$%|.| |..........| |.-$$$$$|@| |...(......| --|$$$$$|q| -----)-------- ------|)| |.....%......| |)| |............| |)| --------.----| |.| |...........| |)| |...........| |)| -------.------ |)| |.......----------------)| |>.......................| -------------------------- Adinthrae the Fighter St:18 Dx:16 Co:17 In:10 Wi:10 Ch:7 Lawful S:7807 Dlvl:2 $:597 HP:0(54) Pw:20(20) AC:-2 Xp:8/1715 T:8713 Latest messages: In what direction? The poisoned orcish arrow misses the mumak. In what direction? The poisoned orcish arrow misses the mumak. In what direction? You feel like an evil coward for using a poisoned weapon. The poisoned orcish arrow hits the mumak! In what direction? The poisoned orcish arrow misses the mumak. In what direction? You feel like an evil coward for using a poisoned weapon. The orcish arrow hits the mumak! Your orcish arrow is no longer poisoned. In what direction? The poisoned orcish arrow misses the mumak. You have no ammunition readied. What do you want to fire? [- $abvw or ?*] You ready: j - 2 food rations. In what direction? In what direction? What do you want to ready? [- $abvw or ?*] v - 14 arrows (in quiver). In what direction? The arrow misses the mumak. In what direction? The arrow hits the mumak. In what direction? The arrow hits the mumak. In what direction? The arrow misses the mumak. In what direction? The arrow misses the mumak. In what direction? The arrow misses the mumak. In what direction? The arrow misses the mumak. In what direction? The arrow misses the mumak. a - a very corroded +1 spear (weapon in hand). A - an orcish bow (alternate weapon; not wielded). You hit the mumak! The mumak misses! The mumak bites! You miss the mumak. The mumak butts! The mumak bites! You miss the mumak. The mumak butts! You die... Do you want your possessions identified? [ynq] (y) Inventory: Coins $ - 597 gold pieces Weapons v - 6 +0 arrows (in quiver) A - a +0 orcish bow (alternate weapon; not wielded) b - a +0 dagger a - a very corroded +1 spear (weapon in hand) w - a +0 bullwhip Armor U - an uncursed +0 orcish helm (being worn) I - a blessed +0 pair of iron shoes (being worn) c - an uncursed +3 small shield (being worn) t - an uncursed +0 dwarvish cloak (being worn) D - a blessed +1 elven cloak R - a blessed +2 ring mail (being worn) Comestibles j - 2 uncursed food rations m - an uncursed melon F - an uncursed lizard corpse Scrolls n - 4 uncursed scrolls of confuse monster i - an uncursed scroll of create monster s - an uncursed scroll of create monster x - a cursed scroll of destroy armor N - an uncursed scroll of enchant armor y - a cursed scroll of gold detection Potions P - an uncursed potion of booze M - an uncursed potion of hallucination L - an uncursed potion of healing C - a cursed potion of levitation K - an uncursed potion of paralysis B - a potion of unholy water Rings X - an uncursed ring of conflict o - an uncursed ring of shock resistance S - a cursed ring of teleportation named cursed Wands p - a wand of create monster (0:14) Z - a wand of create monster (0:13) h - a wand of digging (0:5) T - a wand of light (0:13) f - a wand of magic missile (0:0) Y - a wand of magic missile (0:0) Tools k - an uncursed bugle l - an uncursed credit card e - an uncursed oil lamp E - a +1 pick-axe u - an uncursed tin whistle q - a cursed towel Adinthrae the Valkyrie's attributes: Background: You were a Fighter, a level 8 human Valkyrie. You were lawful, on a mission for Tyr who was opposed by Odin (neutral) and Loki (chaotic). You were in Sokoban, on level 2. You entered the dungeon 8713 turns ago. You had 1715 experience points, 845 more were needed to attain level 9. Your score was 7807 before end-of-game adjustments. Basics: You had 0 out of 54 hit points. You had all 20 energy points (spell power). Your armor class was -2. Your wallet contained 597 zorkmids. Autopickup was off. Final Characteristics: Your strength was 18 (peak:18/01, limit:18/100). Your dexterity was 16 (limit:18). Your constitution was 17 (limit:18). Your intelligence was 10 (limit:18). Your wisdom was 10 (limit:18). Your charisma was 7 (limit:18). Final Status: You were not hungry. You were unencumbered. You were wielding a spear. You had basic skill with spear and could have enhanced that. Final Attributes: You were piously aligned. You were cold resistant. You were sleep resistant. You were stealthy. You were warded. You were fast. You are dead. Miscellaneous: You encountered 1 bones level. Total elapsed playing time was 1 hour, 24 minutes and 27 seconds. Major events: Turn 1: adinthrae the lawful human Valkyrie entered the dungeon 1163: attained the rank of Skirmisher (level 3) 1330: entered the Gnomish Mines 2168: destroyed adinthrae's ghost, the former Fighter 2890: attained the rank of Fighter (level 6) 3527: entered Sokoban 4005: completed 1st Sokoban level 4696: completed 2nd Sokoban level 6935: completed 3rd Sokoban level 8527: completed 4th Sokoban level 8713: killed by a mumak Vanquished creatures: a ghost 2 giant mimics a small mimic a Grey-elf a spotted jelly an iron piercer a mumak a horse a vampire bat a forest centaur a dwarf mummy an owlbear a yeti a gold golem a werewolf 3 lizards a housecat a dust vortex a raven a gnome mummy a snake a human zombie 2 rope golems a soldier ant a bugbear 8 Uruk-hai a pony a shrieker 5 gnome leaders 2 kobold mummies a ghoul 3 giant ants a little dog a kitten a dwarf 4 hill orcs a rothe a centipede a giant bat 2 wererats an iguana 2 acid blobs a gas spore 4 hobbits 3 giant rats 7 cave spiders a brown mold 3 yellow molds a red mold 8 gnomes 2 geckos 3 jackals 2 foxes a goblin a sewer rat 7 grid bugs 4 lichens 3 newts 116 creatures vanquished. No species were genocided or became extinct. Voluntary challenges: You read items or engraved 8 times. You engraved Elbereth 2 times. You never genocided any monsters. You never polymorphed an object. You never changed form. You used no wishes. You violated the special Sokoban rules twice. Achievements: You entered a shop. You attained the rank of Skirmisher. You entered the Gnomish Mines. You attained the rank of Fighter. You entered Sokoban. The Dungeons of Doom: levels 1 to 7 Level 1: A fountain. Level 2: A general store. Level 3: A scroll shop, a fountain, a grave. Stairs down to The Gnomish Mines. Level 4: Level 5: Many fountains. Final resting place for adinthrae-Val-Hum-Fem-Law, killed by a spotted jelly. Level 6: Many altars, a fountain, a grave. Stairs up to Sokoban, level 5. Level 7: An altar. The Gnomish Mines: Level 4: Sokoban: levels 5 up to 2 Level 2: <- You were here. Solved. Final resting place for you, killed by a mumak. Level 3: Solved. Level 4: Solved. Level 5: Solved. Game over: ---------- / \ / REST \ / IN \ / PEACE \ / \ | adinthrae | | 597 Au | | killed by a | | mumak | | | | | | 2022 | *| * * * | * _________)/\\_//(\/(/\)/\//\/|_)_______ Farvel adinthrae the Valkyrie... You died in Sokoban on dungeon level 2 with 7748 points, and 597 pieces of gold, after 8713 moves. You were level 8 with a maximum of 54 hit points when you died.